Map: Catalyst LE

Players

Lambo - Winner!

  • Race: Zerg Zerg
  • Spawn Location: 11:00

Namshar

  • Race: Zerg Zerg
  • Spawn Location: 5:00

Event: WCS Austin 2018

VOD

Have the link to the VOD?

Description

Time

  • Played on: June 1, 2018, 6:13 p.m.
  • Length: 4:37

All games in this series

Show
View Real Time Build Order
Export as new Build Order

Lambo Zerg - Winner!

Build Orders: Hatch First 

Get SALT Encoding   

  12  0:00  Drone  
  13  0:13  Overlord  
  13  0:17  Drone  
  14  0:31  Drone x2  
  16  0:49  Hatchery  
  15  0:51  Drone  
  15  0:55  Drone  
  17  0:58  Drone  
  18  1:10  Extractor  
  17  1:14  Spawning Pool  
  17  1:17  Drone  
  17  1:20  Drone  
  18  1:28  Drone  
  19  2:00  Queen x2  
  24  2:01  Zergling x8  
  24  2:07  Spine Crawler  
  26  2:12  Metabolic Boost  
  27  2:16  Zergling x2  
  27  2:28  Drone x2  
  27  2:35  Drone  
  26  2:40  Drone  
  27  2:46  Overlord  
  27  2:56  Overlord  
  27  3:08  Zergling x10  
  27  3:11  Zergling x2  
  33  3:15  Zergling x2  
  33  3:19  Overlord  
  34  3:23  Zergling x2  
  35  3:27  Zergling x2  
  36  3:36  Zergling x8  
  37  3:44  Zergling x4  
  37  3:46  Zergling x2  
  38  3:50  Zergling x4  
  38  3:53  Zergling x2  
  38  3:58  Zergling x2  
  38  4:01  Zergling x2  
  36  4:04  Zergling x2  
  36  4:05  Zergling x2  
  36  4:10  Drone  
  36  4:17  Zergling x4  
  36  4:18  Zergling x2  
Show
View Real Time Build Order
Export as new Build Order

Namshar Zerg 

Build Orders: Pool First 

Get SALT Encoding   

  12  0:17  Spawning Pool  
  11  0:22  Drone  
  11  0:26  Drone  
  13  0:31  Drone  
  14  0:41  Overlord  
  14  1:04  Zergling x4  
  16  1:05  Zergling x2  
  17  1:15  Zergling x2  
  17  1:18  Hatchery  
  17  1:26  Zergling x2  
  18  1:37  Queen  
  18  1:38  Zergling x2  
  21  1:47  Overlord  
  21  2:00  Drone  
  22  2:10  Drone  
  22  2:12  Queen  
  25  2:24  Drone  
  25  2:36  Drone x2  
  24  2:38  Queen  
  24  2:41  Drone x2  
  27  2:44  Drone x2  
  27  2:46  Drone  
  30  2:53  Overlord  
  30  2:56  Drone  
  31  3:03  Drone  
  32  3:20  Drone x2  
  32  3:21  Drone x7  
  32  3:24  Evolution Chamber  
  40  3:29  Evolution Chamber  
  36  3:47  Evolution Chamber  
  34  3:54  Drone x8  
  31  4:03  Drone  
  31  4:04  Drone x2  
  32  4:16  Drone  
  32  4:17  Zergling x6  
Tags
 
Add a new tag
Caveats
  • Supply blocks, unpowered buildings, or Contaminate may cause inaccurate times.
  • Supply counts are checked every 10 seconds.